TOP OF THE 1ST |
Baltimore (APP) Orioles batting - Pitching for Texas (APP) Rangers : RHP Torsten Fisher
|
Pitching: RHP Torsten Fisher
|
|
Batting: RHB Mike Trueblood
|
0-0: Called Strike 0-1: Ball 1-1: Foul Ball, location: 2F 1-2: Strikes out swinging
|
Batting: LHB Ivan Alvarez
|
0-0: Called Strike 0-1: Foul Ball, location: 2F 0-2: Ball 1-2: Ball 2-2: SINGLE (Groundball, 4MS, EV 72.5 MPH) (infield hit)
|
Batting: LHB Chris Cohen
|
0-0: Foul Ball, location: 2F 0-1: Called Strike 0-2: Ball 1-2: Ball 2-2: Foul Ball, location: 2F 2-2: Ball 3-2: Strikes out swinging
|
Batting: LHB Robert Ortiz
|
Pickoff Throw to First - Out! 1-3
|
Top of the 1st over - 0 runs, 1 hit, 0 errors, 0 left on base; Baltimore (APP) 0 - Texas (APP) 0 |
BOTTOM OF THE 1ST |
Texas (APP) Rangers batting - Pitching for Baltimore (APP) Orioles : RHP Bruce Yeager
|
Pitching: RHP Bruce Yeager
|
|
Batting: RHB Evan Fry
|
0-0: Called Strike 0-1: Ground out 4-3 (Groundball, 4S, EV 85.6 MPH)
|
Batting: RHB Jerry Foster
|
0-0: Ball 1-0: Swinging Strike 1-1: Ball 2-1: Foul Ball, location: 2F 2-2: Ball 3-2: Base on Balls
|
Batting: LHB Alex Rivera
|
0-0: Called Strike Jerry Foster is caught stealing 2nd base 2-6 0-1: Ball 1-1: Ball 2-1: Swinging Strike 2-2: Foul Ball, location: 2F 2-2: Ground out 5-3 (Groundball, 25, EV 86.2 MPH)
|
Bottom of the 1st over - 0 runs, 0 hits, 0 errors, 0 left on base; Baltimore (APP) 0 - Texas (APP) 0 |
TOP OF THE 2ND |
Baltimore (APP) Orioles batting - Pitching for Texas (APP) Rangers : RHP Torsten Fisher
|
Batting: LHB Robert Ortiz
|
0-0: Called Strike 0-1: Ball 1-1: Foul Ball, location: 2F 1-2: Foul Ball, location: 2F 1-2: Strikes out swinging
|
Batting: RHB Imbart van Rens
|
0-0: Foul Ball, location: 2F 0-1: Ball 1-1: Ball 2-1: Ball 3-1: Swinging Strike 3-2: DOUBLE (Line Drive, 78D, EV 105.6 MPH)
|
Batting: RHB Eddie Morin
|
0-0: Ball 1-0: Called Strike 1-1: Ball 2-1: Foul Ball, location: 2F 2-2: Foul Ball, location: 2F 2-2: Strikes out swinging
|
Batting: RHB Matt Wallace
|
0-0: Ball 1-0: Ball 2-0: Swinging Strike 2-1: Ball 3-1: Swinging Strike 3-2: Foul Ball, location: 2F 3-2: Foul Ball, location: 2F 3-2: Strikes out looking
|
Top of the 2nd over - 0 runs, 1 hit, 0 errors, 1 left on base; Baltimore (APP) 0 - Texas (APP) 0 |
BOTTOM OF THE 2ND |
Texas (APP) Rangers batting - Pitching for Baltimore (APP) Orioles : RHP Bruce Yeager
|
Batting: RHB Bill Flannery
|
0-0: Ball 1-0: Called Strike 1-1: Ball 2-1: Ground out 6-3 (Groundball, 6, EV 86.2 MPH)
|
Batting: SHB Albert Ortiz
|
0-0: SINGLE (Groundball, 13S, EV 68.8 MPH) (infield hit)
|
Batting: LHB Bobby Scott
|
0-0: Called Strike 0-1: Swinging Strike 0-2: Strikes out swinging
|
Batting: SHB Tyler Romo
|
0-0: Called Strike 0-1: Fielders Choice at 2nd, 6-4 (Groundball, 6, EV 109.4 MPH)
|
Bottom of the 2nd over - 0 runs, 1 hit, 0 errors, 1 left on base; Baltimore (APP) 0 - Texas (APP) 0 |
TOP OF THE 3RD |
Baltimore (APP) Orioles batting - Pitching for Texas (APP) Rangers : RHP Torsten Fisher
|
Batting: RHB Pedro Luera
|
0-0: Foul Ball, location: 2F 0-1: Ball 1-1: Swinging Strike 1-2: Ball 2-2: Strikes out looking
|
Batting: RHB Tyler Cohen
|
0-0: Swinging Strike 0-1: Ball 1-1: Foul Ball, location: 2F 1-2: Ball 2-2: Ball 3-2: Strikes out swinging
|
Batting: RHB Mike Trueblood
|
0-0: Called Strike 0-1: Ball 1-1: Ball 2-1: Ball 3-1: Called Strike 3-2: Foul Ball, location: 2F 3-2: DOUBLE (Groundball, 3L, EV 103.8 MPH)
|
Batting: LHB Ivan Alvarez
|
0-0: Foul Ball, location: 2F 0-1: Ball 1-1: Ball 2-1: Foul Ball, location: 2F 2-2: Ball 3-2: Strikes out swinging
|
Top of the 3rd over - 0 runs, 1 hit, 0 errors, 1 left on base; Baltimore (APP) 0 - Texas (APP) 0 |
BOTTOM OF THE 3RD |
Texas (APP) Rangers batting - Pitching for Baltimore (APP) Orioles : RHP Bruce Yeager
|
Batting: LHB Bill Mahoney
|
0-0: Called Strike 0-1: Swinging Strike 0-2: Ball 1-2: Strikes out swinging
|
Batting: RHB Zhong See-to
|
0-0: Called Strike 0-1: Called Strike 0-2: Ball 1-2: Foul Ball, location: 2F 1-2: Strikes out swinging
|
Batting: RHB Evan Fry
|
0-0: Ball 1-0: Foul Ball, location: 2F 1-1: Hit by Pitch
|
Batting: RHB Jerry Foster
|
0-0: Ball 1-0: Foul Ball, location: 2F 1-1: Swinging Strike 1-2: Ball 2-2: Ball 3-2: SINGLE (Line Drive, 34D, EV 96.2 MPH) Evan Fry to second Evan Fry to third
|
Batting: LHB Alex Rivera
|
0-0: Ball 1-0: DOUBLE (Flyball, 8LXD, EV 102.5 MPH) Evan Fry scores Jerry Foster to third Runner from 3rd tries for Home, SAFE, throw by CF to trailing runner, OUT at third! 8-3-5
|
Bottom of the 3rd over - 2 runs, 2 hits, 0 errors, 0 left on base; Baltimore (APP) 0 - Texas (APP) 2 |
TOP OF THE 4TH |
Baltimore (APP) Orioles batting - Pitching for Texas (APP) Rangers : RHP Torsten Fisher
|
Batting: LHB Chris Cohen
|
0-0: Ball 1-0: Called Strike 1-1: Ball 2-1: Ball 3-1: Base on Balls
|
Batting: LHB Robert Ortiz
|
0-0: Ball 1-0: Swinging Strike 1-1: Foul Ball, location: 2F 1-2: Ball 2-2: Ball 3-2: Fielders Choice at 2nd, 2-6 (Groundball, 2R, EV 70.6 MPH)
|
Batting: RHB Imbart van Rens
|
0-0: SINGLE (Groundball, 6MD, EV 100.0 MPH) Robert Ortiz to second
|
Batting: RHB Eddie Morin
|
0-0: Ball 1-0: Foul Ball, location: 2F 1-1: Swinging Strike 1-2: Strikes out looking
|
Batting: RHB Matt Wallace
|
0-0: Swinging Strike 0-1: Ball 1-1: Foul Ball, location: 2F 1-2: Strikes out swinging
|
Top of the 4th over - 0 runs, 1 hit, 0 errors, 2 left on base; Baltimore (APP) 0 - Texas (APP) 2 |
BOTTOM OF THE 4TH |
Texas (APP) Rangers batting - Pitching for Baltimore (APP) Orioles : RHP Bruce Yeager
|
Batting: RHB Bill Flannery
|
0-0: Ball 1-0: Called Strike 1-1: SINGLE (Groundball, 6MD, EV 102.5 MPH)
|
Batting: SHB Albert Ortiz
|
0-0: Called Strike 0-1: Ball 1-1: Grounds into double play, 3-6-1 (Groundball, 3, EV 78.8 MPH)
|
Batting: LHB Bobby Scott
|
0-0: Ground out 5-3 (Groundball, 56, EV 87.5 MPH)
|
Bottom of the 4th over - 0 runs, 1 hit, 0 errors, 0 left on base; Baltimore (APP) 0 - Texas (APP) 2 |
TOP OF THE 5TH |
Baltimore (APP) Orioles batting - Pitching for Texas (APP) Rangers : RHP Torsten Fisher
|
Pitching: LHP Pat Mena
|
|
Batting: RHB Pedro Luera
|
0-0: Foul Ball, location: 2F 0-1: Called Strike 0-2: Strikes out swinging passed ball, reaches first!
|
Batting: RHB Tyler Cohen
|
0-0: Swinging Strike 0-1: Ball 1-1: Ball Wild Pitch! Pedro Luera to second 2-1: Called Strike 2-2: Strikes out looking
|
Batting: RHB Mike Trueblood
|
0-0: Foul Ball, location: 2F 0-1: Swinging Strike 0-2: Ball 1-2: Ball 2-2: Ball 3-2: Base on Balls
|
Batting: LHB Ivan Alvarez
|
0-0: SINGLE (Groundball, 4MD, EV 103.1 MPH) Pedro Luera to third Mike Trueblood to second Runner from 3rd tries for Home, SAFE, throw by CF to home
|
Batting: LHB Chris Cohen
|
0-0: Ball 1-0: Ball Wild Pitch! Mike Trueblood to third Ivan Alvarez to second 2-0: Ball 3-0: Base on Balls
|
Batting: LHB Robert Ortiz
|
0-0: Swinging Strike 0-1: Ball 1-1: Called Strike 1-2: Ball 2-2: Strikes out swinging
|
Batting: RHB Imbart van Rens
|
0-0: Ground out 5-3 (Groundball, 56S, EV 67.5 MPH)
|
Top of the 5th over - 1 run, 1 hit, 0 errors, 3 left on base; Baltimore (APP) 1 - Texas (APP) 2 |
BOTTOM OF THE 5TH |
Texas (APP) Rangers batting - Pitching for Baltimore (APP) Orioles : RHP Bruce Yeager
|
Batting: SHB Tyler Romo
|
0-0: Ball 1-0: Ball 2-0: Ball 3-0: Called Strike 3-1: Ground out 5-3 (Groundball, 56, EV 88.8 MPH)
|
Batting: LHB Bill Mahoney
|
0-0: Swinging Strike 0-1: Foul Ball, location: 2F 0-2: Strikes out looking
|
Batting: RHB Zhong See-to
|
0-0: Foul Ball, location: 2F 0-1: Swinging Strike 0-2: Ball 1-2: Strikes out looking
|
Bottom of the 5th over - 0 runs, 0 hits, 0 errors, 0 left on base; Baltimore (APP) 1 - Texas (APP) 2 |
TOP OF THE 6TH |
Baltimore (APP) Orioles batting - Pitching for Texas (APP) Rangers : LHP Pat Mena
|
Batting: RHB Eddie Morin
|
0-0: Ball 1-0: Ball 2-0: Ground out 1-3 (Groundball, 13, EV 71.2 MPH)
|
Batting: RHB Matt Wallace
|
0-0: Called Strike 0-1: Ball 1-1: Called Strike 1-2: Ball 2-2: Strikes out swinging
|
Batting: RHB Pedro Luera
|
0-0: Swinging Strike 0-1: Ball 1-1: Foul Ball, location: 2F 1-2: Foul Ball, location: 2F 1-2: Foul Ball, location: 2F 1-2: Strikes out swinging
|
Top of the 6th over - 0 runs, 0 hits, 0 errors, 0 left on base; Baltimore (APP) 1 - Texas (APP) 2 |
BOTTOM OF THE 6TH |
Texas (APP) Rangers batting - Pitching for Baltimore (APP) Orioles : RHP Bruce Yeager
|
Batting: RHB Evan Fry
|
0-0: Foul Ball, location: 2F 0-1: Called Strike 0-2: Strikes out swinging
|
Batting: RHB Jerry Foster
|
0-0: Fly out, F7 (Flyball, 78S, EV 87.5 MPH)
|
Batting: LHB Alex Rivera
|
0-0: Ball 1-0: Reached on error, E4 (Groundball, 4M, EV 105.0 MPH)
|
Batting: RHB Bill Flannery
|
0-0: Ball 1-0: DOUBLE (Groundball, 5L, EV 104.4 MPH) Alex Rivera scores
|
Batting: SHB Albert Ortiz
|
0-0: Ball 1-0: Ball 2-0: Foul Ball, location: 2F 2-1: Ball 3-1: Base on Balls
|
Batting: LHB Bobby Scott
|
0-0: Foul Ball, location: 2F 0-1: Swinging Strike 0-2: Ball 1-2: Ball 2-2: Strikes out looking
|
Bottom of the 6th over - 1 run, 1 hit, 1 error, 2 left on base; Baltimore (APP) 1 - Texas (APP) 3 |
TOP OF THE 7TH |
Baltimore (APP) Orioles batting - Pitching for Texas (APP) Rangers : LHP Pat Mena
|
Pitching: RHP Seved Landgre
|
|
Batting: RHB Tyler Cohen
|
0-0: Ball 1-0: Ball 2-0: Ball 3-0: Called Strike 3-1: Foul Ball, location: 2F 3-2: Ground out 4-3 (Groundball, 4M, EV 91.9 MPH)
|
Batting: RHB Mike Trueblood
|
0-0: Ball 1-0: Foul Ball, location: 2F 1-1: Called Strike 1-2: Strikes out swinging
|
Batting: LHB Ivan Alvarez
|
0-0: Swinging Strike 0-1: Foul Ball, location: 2F 0-2: Ground out 5-3 (Groundball, 5D, EV 83.8 MPH)
|
Top of the 7th over - 0 runs, 0 hits, 0 errors, 0 left on base; Baltimore (APP) 1 - Texas (APP) 3 |
BOTTOM OF THE 7TH |
Texas (APP) Rangers batting - Pitching for Baltimore (APP) Orioles : RHP Bruce Yeager
|
Batting: SHB Tyler Romo
|
0-0: Ground out 6-3 (Groundball, 6, EV 100.6 MPH)
|
Pitching: LHP Chris Hoebing
|
|
Batting: LHB Bill Mahoney
|
0-0: Called Strike 0-1: Ball 1-1: Ball 2-1: Ground out 4-3 (Groundball, 34, EV 103.8 MPH)
|
Batting: RHB Zhong See-to
|
0-0: Called Strike 0-1: Ball 1-1: Swinging Strike 1-2: Ball 2-2: Strikes out looking
|
Bottom of the 7th over - 0 runs, 0 hits, 0 errors, 0 left on base; Baltimore (APP) 1 - Texas (APP) 3 |
TOP OF THE 8TH |
Baltimore (APP) Orioles batting - Pitching for Texas (APP) Rangers : RHP Seved Landgre
|
Batting: LHB Chris Cohen
|
0-0: Ball 1-0: Ball 2-0: Ball 3-0: Base on Balls
|
Batting: LHB Robert Ortiz
|
0-0: Called Strike 0-1: Foul Ball, location: 2F 0-2: Strikes out looking
|
Batting: RHB Imbart van Rens
|
0-0: Ball 1-0: SINGLE (Groundball, 4MD, EV 100.0 MPH) Chris Cohen to second
|
Pinch Hitting: LHB Shane Cruse
|
0-0: Called Strike 0-1: Called Strike 0-2: Foul Ball, location: 2F 0-2: Ball 1-2: SINGLE (Groundball, 6D, EV 100.0 MPH) Chris Cohen to third Imbart van Rens to second Runner from 3rd tries for Home, SAFE, throw by LF to home
|
Pinch Hitting: RHB Adam Beal
|
0-0: Ball 1-0: Foul Ball, location: 2F 1-1: Called Strike 1-2: Hit by Pitch Imbart van Rens to third Shane Cruse to second
|
Pinch Hitting: RHB Aaron Elliott
|
0-0: Ball 1-0: Called Strike 1-1: Ball 2-1: Grounds into fielders choice 6-2 (Groundball, 56, EV 77.5 MPH) Shane Cruse to third Adam Beal to second
|
Pinch Hitting: RHB Javier Brizuela
|
0-0: Ball 1-0: Fly out, F7 (Line Drive, 78D, EV 94.4 MPH)
|
Top of the 8th over - 1 run, 2 hits, 0 errors, 3 left on base; Baltimore (APP) 2 - Texas (APP) 3 |
BOTTOM OF THE 8TH |
Texas (APP) Rangers batting - Pitching for Baltimore (APP) Orioles : LHP Chris Hoebing
|
Now at C: Adam Beal
|
|
Now at 2B: Imbart van Rens
|
|
Now at 3B: Willie Carmona
|
|
Now in LF: Javier Brizuela
|
|
Now in CF: Jeff Parlo
|
|
Batting: RHB Evan Fry
|
0-0: Foul Ball, location: 2F 0-1: Ball 1-1: Foul Ball, location: 2F 1-2: Foul Ball, location: 2F 1-2: Ball 2-2: Foul Ball, location: 2F 2-2: Ball 3-2: Strikes out swinging
|
Batting: RHB Jerry Foster
|
0-0: Called Strike 0-1: Called Strike 0-2: Strikes out swinging
|
Batting: LHB Alex Rivera
|
0-0: Called Strike 0-1: Fly out, F9 (Flyball, 9LSF, EV 96.9 MPH)
|
Bottom of the 8th over - 0 runs, 0 hits, 0 errors, 0 left on base; Baltimore (APP) 2 - Texas (APP) 3 |
TOP OF THE 9TH |
Baltimore (APP) Orioles batting - Pitching for Texas (APP) Rangers : RHP Seved Landgre
|
Pitching: RHP Tamirat Abboud
|
|
Batting: RHB Mike Trueblood
|
0-0: Ball 1-0: Ball 2-0: Foul Ball, location: 2F 2-1: Swinging Strike 2-2: Ball 3-2: Ground out U3 (Groundball, 3L, EV 87.5 MPH)
|
Batting: LHB Ivan Alvarez
|
0-0: Called Strike 0-1: Swinging Strike 0-2: Foul Ball, location: 2F 0-2: Ball 1-2: Strikes out swinging
|
Batting: LHB Chris Cohen
|
0-0: Ball 1-0: Ball 2-0: Called Strike 2-1: Called Strike 2-2: Fly out, F9 (Flyball, 9D, EV 82.5 MPH)
|
Top of the 9th over - 0 runs, 0 hits, 0 errors, 0 left on base; Baltimore (APP) 2 - Texas (APP) 3 |
|